 Dungeon Sprint DCSS version 0.20.1-1-g8b1a95d (webtiles) character file.

12133 juspike the Impaler (level 11, 0/117 HPs)
             Began as a Minotaur Berserker on Oct 14, 2017.
             Was a Priest of Trog.
             Slain by the 27-headed Lernaean hydra (2 damage)
             ... in the Dungeon (Sprint I: "Red Sonja").
             The game lasted 00:59:04 (3843 turns).

juspike the Impaler (Minotaur Berserker)            Turns: 3843, Time: 00:59:06

Health: 0/117      AC: 19    Str: 24    XL:     11   Next: 58%
Magic:  3/3        EV: 19    Int:  4    God:    Trog [***...]
Gold:   407        SH:  0    Dex: 18    Spells: 10/10 levels left

rFire    . . .     SeeInvis +   T - +5 halberd of Syit {antimagic, Fragile rC+ Dex+4}
rCold    + . .     Gourm    .   (shield currently unavailable)
rNeg     . . .     Faith    .   C - +3 scale mail {rPois}
rPois    +         Spirit   .   (helmet restricted)
rElec    .         Reflect  .   (no cloak)
rCorr    .         Harm     .   K - +1 pair of gloves {Dex+3}
MR       +....     NoTele   +   P - +2 pair of boots of the Assassin {Detection Stab+ Stlth++}
Stlth    +++.......             (no amulet)
Regen    0.3/turn               O - ring of protection from magic
MPRegen  0.1/turn               M - ring of see invisible

@: studying Staves
A: retaliatory headbutt, horns 2
a: Berserk, Trog's Hand, Burn Spellbooks, Renounce Religion


You were in the Dungeon.
You worshipped Trog.
Trog was most pleased with you.
You were not hungry.

You visited 1 branch You collected 1618 gold pieces.
You spent 1211 gold pieces at shops.

Inventory:

Hand Weapons
 j - a +0 blowgun
 p - a +2 short sword of draining
 x - a +0 shortbow
 z - a +0 longbow
 A - a +6 halberd of flaming
 D - a +1 spear of flaming
 G - a +6 hand crossbow of flaming
 J - the +8 mithril axe "Arga" {speed, MR+}
   (You found it in the Dungeon)

   Attacks with this weapon are significantly faster.
   It affects your resistance to hostile enchantments.
 L - a +2 dagger of venom
 Q - a +1 glaive of venom
 S - a +2 antimagic bardiche
 T - the +5 halberd of Syit (weapon) {antimagic, Fragile rC+ Dex+4}
   (Trog gifted it to you in the Dungeon)

   It reduces the magical energy of the wielder, and disrupts the spells and
   magical abilities of those hit.
   Natural abilities and divine invocations are not affected.
   It affects your dexterity (+4).
   It protects you from cold.
   It will be destroyed if unequipped.
 V - a +0 spear
Missiles
 q - 4 curare-tipped needles
 u - 16 stones
 y - 32 arrows
 E - 2 javelins of penetration (quivered)
Armour
 b - a +0 animal skin
 c - a +2 robe of fire resistance
 k - a +0 ring mail
 m - a +0 robe of resistance
 o - a +0 pair of boots
 t - a +0 robe
 C - a +3 scale mail of poison resistance (worn)
 K - a +1 pair of gloves of dexterity (worn)
 P - the +2 pair of boots of the Assassin (worn) {Detection Stab+ Stlth++}
   (You found it in the Dungeon)

   It makes you much more stealthy.
Jewellery
 M - a ring of see invisible (right hand)
 O - a ring of protection from magic (left hand)
Wands
 v - a wand of acid (4/15)
 I - a wand of confusion (17/48)
Scrolls
 i - a scroll of blinking
 n - 2 scrolls of acquirement {unknown}
 s - a scroll of remove curse {unknown}
 w - a scroll of identify
Potions
 d - 2 potions of curing
 f - a potion of haste
 g - 2 potions of magic
 h - a potion of berserk rage
Books
 H - a manual of Staves
Comestibles
 N - 2 royal jellies


   Skills:
 + Level 17.4 Fighting
 + Level 20.5 Polearms
 + Level 2.4 Throwing
 + Level 13.9 Armour
 + Level 11.8 Dodging
 + Level 3.8 Stealth
 + Level 1.6 Evocations


You had 10 spell levels left.
You didn't know any spells.

Dungeon Overview and Level Annotations

Branches:
Dungeon (1/1)

Altars:
Cheibriados
Dithmenos
Elyvilon
Fedhas
Gozag
Hepliaklqana
Kikubaaqudgha
Makhleb
Nemelex Xobeh
Okawaru
Qazlal
Ru
Sif Muna
Trog
Uskayaw
Vehumet
Xom
Yredelemnul
Zin
The Shining One
Jiyva
Lugonu

Shops:
D %*=[*[:%%%[?:=([*

Annotations:
D Lernaean hydra


Innate Abilities, Weirdness & Mutations

You reflexively headbutt those who attack you in melee.
You have a pair of horns on your head.


Message History

The 27-headed Lernaean hydra bites you.
* * * LOW HITPOINT WARNING * * *
The 27-headed Lernaean hydra bites you.
* * * LOW HITPOINT WARNING * * *
The 27-headed Lernaean hydra bites you!
* * * LOW HITPOINT WARNING * * *
The 27-headed Lernaean hydra bites you but does no damage. x2
The 27-headed Lernaean hydra misses you.
The 27-headed Lernaean hydra bites you.
* * * LOW HITPOINT WARNING * * *
The 27-headed Lernaean hydra bites you!
* * * LOW HITPOINT WARNING * * *
The 27-headed Lernaean hydra bites you but does no damage. x3
The 27-headed Lernaean hydra bites you.
* * * LOW HITPOINT WARNING * * *
The 27-headed Lernaean hydra bites you but does no damage.
The 27-headed Lernaean hydra barely misses you.
The 27-headed Lernaean hydra bites you but does no damage. x2
The 27-headed Lernaean hydra bites you.
You die...

{###..#
{#.'..#
#§##'## #
#≈≈≈##
#≈≈≈≈## {
#≈≈§≈≈#
####≈≈≈≈#≈≈≈
#$$#D§≈≈'≈≈.
#$$@##≈≈#≈≈≈
#$$$$######'
#$$$$#
######


You could see the 27-headed Lernaean hydra.

Vanquished Creatures
  A mummy priest (D)
  2 centaur warriors (D)
  Sonja (D)
  2 unseen horrors (D)
  A deep troll (D)
  2 oklob plants (D)
  A gargoyle (D)
  4 demonic crawlers (D)
  A hellwing (D)
  2 kobold demonologists (D)
  A hornet (D)
  A slime creature (D)
  Sigmund (D)
  A redback (D)
  A yak (D)
  3 floating eyes (D)
  4 necrophages (D)
  An ogre (D)
  6 jellies (D)
  Ijyb (D)
  2 ballistomycetes (D)
39 creatures vanquished.

Vanquished Creatures (collateral kills)
  A deep elf annihilator (D)
  A hydra (D)
  A lindwurm (D)
  2 merfolk sirens (D)
  4 hornets (D)
  A redback (D)
  13 hogs (D)
  3 necrophages (D)
  2 jellies (D)
28 creatures vanquished.

Vanquished Creatures (others)
  A gargoyle (D)
  2 ballistomycete spores (D)
3 creatures vanquished.

Grand Total: 70 creatures vanquished

Notes
Turn   | Place    | Note
-------+----------+-------------------------------------------
     0 | D        | juspike the Minotaur Berserker began the quest for the Orb.
     0 | D        | Reached XP level 1. HP: 19/19 MP: 0/0
     2 | D        | Noticed Ijyb
     6 | D        | Killed Ijyb
     6 | D        | Reached skill level 5 in Fighting
     6 | D        | Reached skill level 5 in Polearms
     6 | D        | Reached XP level 2. HP: 29/29 MP: 1/1
    60 | D        | Noticed an ogre
    63 | D        | Killed an ogre
    63 | D        | Reached skill level 7 in Polearms
    63 | D        | Reached XP level 3. HP: 40/40 MP: 2/2
    63 | D        | Reached XP level 4. HP: 48/48 MP: 3/3
   112 | D        | Noticed Sigmund
   118 | D        | Killed Sigmund
   118 | D        | Reached ** piety under Trog
   118 | D        | Reached skill level 10 in Polearms
   118 | D        | Reached skill level 5 in Armour
   118 | D        | Reached XP level 5. HP: 58/58 MP: 4/4
   118 | D        | Reached XP level 6. HP: 66/66 MP: 5/5
   172 | D        | Found a deep blue altar of Sif Muna.
   174 | D        | Found a radiant altar of Vehumet.
   201 | D        | Found Xuces's Assorted Antiques.
   201 | D        | Found an ancient bone altar of Kikubaaqudgha.
   201 | D        | Found a hazy altar of Hepliaklqana.
   201 | D        | Found a stormy altar of Qazlal.
   201 | D        | Found a hide-covered altar of Uskayaw.
   201 | D        | Found a blossoming altar of Fedhas.
   201 | D        | Found a bloodstained altar of Trog.
   201 | D        | Found an iron altar of Okawaru.
   201 | D        | Found a basalt altar of Yredelemnul.
   201 | D        | Found a glowing golden altar of the Shining One.
   201 | D        | Found a snail-covered altar of Cheibriados.
   201 | D        | Found a sacrificial altar of Ru.
   201 | D        | Found a glowing silver altar of Zin.
   201 | D        | Found a shadowy altar of Dithmenos.
   201 | D        | Found a white marble altar of Elyvilon.
   201 | D        | Noticed a yak
   205 | D        | Killed a yak
   205 | D        | Reached skill level 10 in Fighting
   205 | D        | Reached skill level 11 in Polearms
   205 | D        | Reached skill level 5 in Dodging
   206 | D        | Found an opulent altar of Gozag.
   243 | D        | Found a sparkling altar of Nemelex Xobeh.
   247 | D        | Bought a pair of boots for 130 gold pieces
   269 | D        | Noticed Sonja
   279 | D        | Killed Sonja
   279 | D        | Reached *** piety under Trog
   279 | D        | Reached skill level 13 in Polearms
   279 | D        | Reached XP level 7. HP: 13/77 MP: 6/6
   615 | D        | Found Ymyod's Food Boutique.
   629 | D        | Bought 2 fruits for 33 gold pieces
   775 | D        | Noticed a deep troll
   781 | D        | Killed a deep troll
   781 | D        | Reached skill level 14 in Polearms
   781 | D        | Reached XP level 8. HP: 83/86 MP: 7/7
   919 | D        | Noticed a centaur warrior
   920 | D        | Noticed a centaur warrior
   926 | D        | Killed a centaur warrior
   926 | D        | Reached skill level 15 in Polearms
   926 | D        | Reached skill level 1 in Stealth
   926 | D        | Reached XP level 9. HP: 71/94 MP: 8/8
   930 | D        | Killed a centaur warrior
   930 | D        | Reached skill level 16 in Polearms
  1136 | D        | Reached **** piety under Trog
  1189 | D        | Noticed an oklob plant
  1198 | D        | Killed an oklob plant
  1198 | D        | Reached skill level 17 in Polearms
  1382 | D        | Found a burning altar of Makhleb.
  1382 | D        | Found a viscous altar of Jiyva.
  1382 | D        | Found a shimmering altar of Xom.
  1382 | D        | Found a corrupted altar of Lugonu.
  1386 | D        | Reached skill level 10 in Armour
  1430 | D        | Noticed a kobold demonologist
  1432 | D        | Paralysed by a floating eye for 3 turns
  1435 | D        | Noticed a kobold demonologist
  1440 | D        | Noticed a red devil
  1443 | D        | Noticed a sixfirhy
  1443 | D        | Killed a kobold demonologist
  1443 | D        | Reached ***** piety under Trog
  1443 | D        | Reached skill level 15 in Fighting
  1443 | D        | Reached XP level 10. HP: 105/105 MP: 9/9
  1453 | D        | Killed a gargoyle
  1508 | D        | Reached skill level 18 in Polearms
  1521 | D        | Reached skill level 10 in Dodging
  1521 | D        | Reached skill level 1 in Evocations
  1639 | D        | Noticed a gargoyle
  1646 | D        | Killed a gargoyle
  1710 | D        | Bought 3 fruits for 49 gold pieces
  1800 | D        | Found Vomasey's Armour Emporium.
  1808 | D        | Bought a +3 scale mail of poison resistance for 253 gold pieces
  2171 | D        | Bought 4 fruits for 66 gold pieces
  2250 | D        | Killed an unseen horror
  2250 | D        | Reached skill level 19 in Polearms
  2258 | D        | Killed an unseen horror
  2571 | D        | Received a gift from Trog
  2574 | D        | Received a gift from Trog
  2592 | D        | Received a gift from Trog
  2637 | D        | Bought a royal jelly for 22 gold pieces
  2641 | D        | Reached ****** piety under Trog
  2646 | D        | Bought a bread ration for 55 gold pieces
  2646 | D        | Bought a meat ration for 55 gold pieces
  2725 | D        | Found Arephox's Antique Armour Shoppe.
  2725 | D        | Found Ichesih's Jewellery Shop.
  2725 | D        | Found Ijawyub's Assorted Antiques.
  2727 | D        | Found Kaevaw's Antique Armour Emporium.
  2727 | D        | Found Adghoifo's Book Shop.
  2727 | D        | Found Leclixke's Food Shoppe.
  2727 | D        | Found Varoza's Food Boutique.
  2727 | D        | Found Didiam's Food Emporium.
  2727 | D        | Found Ysaby's Antique Armour Shop.
  2727 | D        | Found Miadeeli's Magic Scroll Shoppe.
  2729 | D        | Bought an uncursed ring of see invisible for 150 gold pieces
  2731 | D        | Found Tikiv's Book Boutique.
  2732 | D        | Found Dousiruh's Antique Weapon Emporium.
  2732 | D        | Found Gyamefot's Jewellery Boutique.
  2733 | D        | Found Maxtap's Assorted Antiques.
  2734 | D        | Bought a royal jelly for 24 gold pieces
  2736 | D        | Bought a royal jelly for 24 gold pieces
  2741 | D        | Bought an uncursed ring of protection from magic for 350 gold pieces
  2841 | D        | Noticed a lindwurm
  2847 | D        | Killed a lindwurm
  2847 | D        | Reached XP level 11. HP: 113/113 MP: 11/11
  2858 | D        | Received a gift from Trog
  2871 | D        | Received a gift from Trog
  2902 | D        | Noticed a 12-headed hydra
  2907 | D        | Killed a 12-headed hydra
  2907 | D        | Reached skill level 20 in Polearms
  3021 | D        | Noticed a deep elf annihilator
  3028 | D        | Received a gift from Trog
  3035 | D        | Killed a deep elf annihilator
  3036 | D        | Received a gift from Trog
  3040 | D        | Got an ancient halberd {god gift}
  3043 | D        | Noticed a mummy priest
  3060 | D        | Noticed an oklob plant
  3066 | D        | Noticed a phantasmal warrior
  3077 | D        | Noticed a sixfirhy
  3284 | D        | Identified the +5 halberd of Syit {antimagic, Fragile rC+ Dex+4} (Trog gifted it to you in the Dungeon)
  3293 | D        | Noticed a flayed ghost
  3373 | D        | Killed a mummy priest
  3373 | D        | Reached skill level 1 in Throwing
  3711 | D        | Killed an oklob plant
  3837 | D        | Noticed the 27-headed Lernaean hydra
  3843 | D        | HP: 2/117 [the 27-headed Lernaean hydra (5)]
  3843 | D        | Slain by the 27-headed Lernaean hydra

Skill      XL: |  1  2  3  4  5  6  7  8  9 10 11 |
---------------+----------------------------------+-----
Fighting       | 5 7 9 12 13 15 16 17 | 17.4
Polearms       | 5 7 10 13 14 15 17 19 20 | 20.5
Armour         | 3 4 5 7 8 10 12 13 | 13.9
Dodging        | 3 4 6 7 8 9 10 11 | 11.8
Stealth        | 1 2 3 |  3.8
Evocations     | 1 |  1.6
Throwing       | 2 |  2.4

Action                   |  1- 3 |  4- 6 |  7- 9 | 10-12 || total
-------------------------+-------+-------+-------+-------++-------
Melee: Spear             |     5 |     4 |       |       ||     9
       Headbutt          |     2 |       |     6 |    26 ||    34
       Scythe            |       |     8 |    43 |    51 ||   102
       Halberd           |       |       |       |    57 ||    57
Throw: Javelin           |       |       |       |    13 ||    13
       Stone             |       |       |       |     1 ||     1
Invok: Berserk           |     2 |     3 |     5 |     6 ||    16
       Brothers in Arms  |       |       |       |    11 ||    11
Evoke: Wand              |       |       |     1 |     3 ||     4
  Use: Scroll            |       |       |     2 |     1 ||     3
       Potion            |       |       |       |     4 ||     4
 Stab: Distracted        |       |       |       |     1 ||     1
  Eat: Chunk             |       |     2 |     4 |       ||     6
       Fruit             |       |       |     2 |     7 ||     9
       Bread ration      |       |       |     1 |     1 ||     2
       Meat ration       |       |       |       |     1 ||     1
       Royal jelly       |       |       |       |     1 ||     1
Armor: Robe              |       |     3 |       |       ||     3
       Ring mail         |       |       |     3 |    11 ||    14
       Scale mail        |       |       |       |    89 ||    89
Dodge: Dodged            |       |    20 |    16 |   111 ||   147
